 Dungeon Sprint DCSS version 0.31-a0-986-g5e6e4ef867 (webtiles) character file.

Game seed: 2521074076367996977

16853 fozzywoppz the Warrior (level 12, 0/132 HPs)
             Began as a Minotaur Fighter on Nov 7, 2023.
             Was a High Priest of Okawaru.
             Slain by a sun demon (6 damage)
             ... summoned by an orc high priest
             ... in the Dungeon (Sprint IX: "|||||||||||||||||||||||||||||").
             The game lasted 00:08:35 (1435 turns).

fozzywoppz the Warrior (Minotaur Fighter)           Turns: 1435, Time: 00:08:35

Health: 0/132      AC: 24    Str: 29    XL:     12   Next: 13%
Magic:  16/21      EV: 12    Int:  5    God:    Okawaru [*****.]
Gold:   1433       SH:  7    Dex: 13    Spells: 11/11 levels left

rFire   + . .        r - +5 morningstar (protect)
rCold   + . .        c - +0 buckler
rNeg    . . .        v - +0 plate armour
rPois   +            (helmet restricted)
rElec   +            (no cloak)
rCorr   +            q - +0 pair of gloves
SInv    .            (no boots)
Will    .....        (no amulet) Stlth
                     n - +3 ring of strength
HPRegen 0.42/turn    o - +3 ring of strength
MPRegen 0.17/turn

%: no teleportation
@: mighty, resistant, finesse-ful, under a protective aura
A: horns 2, retaliatory headbutt
a: Renounce Religion, Heroism, Finesse


You were in the Dungeon.
You worshipped Okawaru.
Okawaru was extremely pleased with you.
You visited 1 branch You collected 1433 gold pieces.

Inventory:

Hand Weapons
 b - a +1 heavy broad axe
 r - a +5 morningstar of protection (weapon)
Missiles
 w - 9 boomerangs
Armour
 c - a +0 buckler (worn)
 q - a +0 pair of gloves (worn)
 v - a +0 plate armour (worn)
Jewellery
 n - a +3 ring of strength (left hand)
 o - a +3 ring of strength (right hand)
Wands
 m - a wand of iceblast (12)
Scrolls
 a - a scroll of fear
 j - a scroll of blinking
 l - 2 scrolls of amnesia
 s - a scroll of enchant weapon
 t - 2 scrolls of fog
 u - 2 scrolls of enchant armour
Potions
 d - a potion of brilliance
 e - a potion of invisibility
 f - a potion of heal wounds
 g - 2 potions of might
 h - 4 potions of magic
 i - a potion of berserk rage
 k - 4 potions of curing


   Skills:
 + Level 19.7 Fighting
 - Level 16.0 Maces & Flails
 + Level 6.0 Throwing
 + Level 12.6 Armour
 + Level 12.0 Dodging
 + Level 11.1 Shields
 - Level 14.0 Invocations
 - Level 5.0 Evocations


You had 11 spell levels left.
You didn't know any spells.
Your spell library was empty.

Dungeon Overview and Level Annotations

Branches:
Dungeon (1/1)

Altars:
Cheibriados
Dithmenos
Elyvilon
Fedhas
Gozag
Hepliaklqana
Kikubaaqudgha
Makhleb
Nemelex Xobeh
Okawaru
Qazlal
Ru
Sif Muna
Trog
Uskayaw
Vehumet
Wu Jian
Xom
Yredelemnul
Zin
The Shining One
Jiyva
Lugonu

Shops:
D =[(*


Innate Abilities, Weirdness & Mutations

You have a pair of horns on your head.
You reflexively headbutt those who attack you in melee.


Message History

You impale the chaos spawn!!
You kill the chaos spawn!
The chaos spawn degenerates into a cloud of primal chaos!
The orc high priest barely misses you.
You feel much better. The orc high priest barely misses you.
The orc high priest mumbles some strange prayers to Beogh.
There is an entrance to Henuawer's Antique Weapon Shop here.
Things that are here:
a +0 falchion; an orc corpse You impale the sun demon!!
Your headbutt misses the sun demon.
The sun demon is moderately wounded.
You barely miss the sun demon.
The sun demon is moderately wounded.
The sun demon hits you!!
You are engulfed in flames!
You resist.
* * * LOW HITPOINT WARNING * * *
The orc high priest hits you but does no damage.
Blink to where?
Press: ? - help, Dir - move target, p - orc high priest
As you read the scroll of blinking, it crumbles to dust.
There is a broken door to Orc:2, spattered with blood here.
Things that are here:
a +0 long sword; a +0 chain mail It's broken and can't be closed.
You feel very mighty all of a sudden.
Okay, then.
You can now deal lightning-fast blows.
The orc high priest mumbles some strange prayers to Beogh against you.
Beogh smites you!
* * * LOW HITPOINT WARNING * * *
Things that are here:
a +0 long sword; a +0 chain mail You puncture the sun demon!
Your weapon exudes an aura of protection.
The sun demon is heavily wounded.
You barely miss the sun demon.
The sun demon is heavily wounded.
The sun demon hits you!!
* * * LOW HITPOINT WARNING * * *
You are engulfed in flames.
You resist.
You die...

▓.▓.▓.▓.▓[▓
▓3▓.▓.▓.▓[▓
▓)▓.▓.▓.▓.▓
▓o▓.▓†▓.▓)▓
▓)▓.▓†▓.▓.▓
▓)▓.▓.▓.▓.▓
▓)▓.▓'▓.▓'▓
▓3▓.▓†▓.▓_▓
▓@▓.▓.▓.▓_▓
▓.▓.▓.▓.▓_▓
▓.▓.▓.▓.▓_▓
▓.▓.▓.▓.▓_▓
▓.▓.▓†▓.▓_▓
▓)▓.▓.▓.▓_▓
▓)▓.▓.▓.▓_▓
▓.▓.▓.▓.▓_▓
▓)▓.▓†▓.▓_▓


You could see an orc high priest, a sun demon (summoned) and a sixfirhy
(summoned).

Vanquished Creatures
  A catoblepas (D)
  2 centaur warriors (D)
  5 death yaks (D)
  4 orc high priests (D)
  6 orc knights (D)
  3 orc sorcerers (D)
  A gargoyle (D)
  A cane toad (D)
  A torpor snail (D)
  Psyche (D)
  A kobold demonologist (D)
  A rime drake (D)
  A meliai (D)
  A polar bear (D)
  4 blink frogs (D)
  10 yaks (D)
  A wraith (D)
  A basilisk (D)
  A steam dragon (D)
  An acid dragon (D)
  A water moccasin (D)
  10 orc warriors (D)
  A wolf (D)
  A bullfrog (D)
  A killer bee (D)
  A howler monkey (D)
  An iguana (D)
  5 orc wizards (D)
  A gnoll (D)
  A dart slug (D)
  12 orcs (D)
  A hobgoblin (D)
  2 ball pythons (D)
  A rat (D)
86 creatures vanquished.

Notes
Turn   | Place    | Note
-------+----------+-------------------------------------------
     0 | D        | fozzywoppz the Minotaur Fighter began the quest for the
                  | Orb.
     0 | D        | Reached XP level 1. HP: 19/19 MP: 0/0
    11 | D        | Reached skill level 4 in Fighting
    21 | D        | Noticed a howler monkey
    21 | D        | Noticed an iguana
    33 | D        | Killed an iguana
    34 | D        | Reached skill level 5 in Fighting
    34 | D        | Reached skill level 5 in Armour
    34 | D        | Reached skill level 5 in Shields
    34 | D        | Reached XP level 2. HP: 6/29 MP: 1/1
    34 | D        | Reached XP level 3. HP: 7/36 MP: 2/2
    39 | D        | Reached skill level 6 in Fighting
    39 | D        | Reached skill level 5 in Maces & Flails
    39 | D        | Reached XP level 4. HP: 3/44 MP: 3/3
    55 | D        | Found a snail-covered altar of Cheibriados.
    55 | D        | Found a shadowy altar of Dithmenos.
    55 | D        | Found a white marble altar of Elyvilon.
    55 | D        | Found a blossoming altar of Fedhas.
    55 | D        | Found an opulent altar of Gozag.
    56 | D        | Found a hazy altar of Hepliaklqana.
    57 | D        | Found a viscous altar of Jiyva.
    58 | D        | Found an ancient bone altar of Kikubaaqudgha.
    59 | D        | Found a corrupted altar of Lugonu.
    60 | D        | Found a burning altar of Makhleb.
    61 | D        | Found a sparkling altar of Nemelex Xobeh.
    62 | D        | Found an iron altar of Okawaru.
    63 | D        | Found a stormy altar of Qazlal.
    64 | D        | Found a sacrificial altar of Ru.
    65 | D        | Found a shimmering blue altar of Sif Muna.
    66 | D        | Found a bloodstained altar of Trog.
    67 | D        | Found a hide-covered altar of Uskayaw.
    68 | D        | Found a radiant altar of Vehumet.
    69 | D        | Found an ornate altar of the Wu Jian Council.
    70 | D        | Became a worshipper of Warmaster Okawaru
    71 | D        | Found a shimmering altar of Xom.
    72 | D        | Found a basalt altar of Yredelemnul.
    73 | D        | Found a glowing silver altar of Zin.
    74 | D        | Found a glowing golden altar of the Shining One.
   194 | D        | Noticed a wraith
   194 | D        | Noticed a gargoyle
   194 | D        | Noticed an acid dragon
   194 | D        | Noticed a steam dragon
   194 | D        | Noticed a yak
   199 | D        | Killed a yak
   200 | D        | Reached skill level 8 in Fighting
   200 | D        | Reached XP level 5. HP: 53/53 MP: 3/6
   208 | D        | Killed an acid dragon
   209 | D        | Reached skill level 5 in Dodging
   209 | D        | Reached XP level 6. HP: 58/62 MP: 3/8
   213 | D        | Killed a steam dragon
   213 | D        | Reached * piety under Okawaru
   214 | D        | Reached skill level 9 in Fighting
   214 | D        | Reached skill level 5 in Invocations
   218 | D        | Reached XP level 7. HP: 69/71 MP: 4/10
   226 | D        | Killed a gargoyle
   226 | D        | Reached ** piety under Okawaru
   227 | D        | Reached skill level 10 in Fighting
   227 | D        | Reached skill level 10 in Maces & Flails
   238 | D        | Killed a wraith
   308 | D        | Noticed a meliai
   308 | D        | Noticed a centaur warrior
   308 | D        | Noticed a kobold demonologist
   308 | D        | Noticed a centaur warrior
   308 | D        | Noticed a basilisk
   310 | D        | Killed a basilisk
   311 | D        | Reached XP level 8. HP: 48/80 MP: 10/13
   313 | D        | Killed a centaur warrior
   314 | D        | Reached skill level 11 in Fighting
   321 | D        | Killed a kobold demonologist
   321 | D        | Reached *** piety under Okawaru
   322 | D        | Reached skill level 12 in Fighting
   322 | D        | Reached skill level 10 in Invocations
   325 | D        | Killed a centaur warrior
   326 | D        | Reached skill level 13 in Fighting
   326 | D        | Reached XP level 9. HP: 41/93 MP: 12/16
   327 | D        | Killed a meliai
   327 | D        | Reached **** piety under Okawaru
   477 | D        | Noticed a polar bear
   494 | D        | Reached skill level 14 in Fighting
   497 | D        | Killed a polar bear
   503 | D        | Reached skill level 15 in Maces & Flails
   512 | D        | Reached XP level 10. HP: 89/104 MP: 11/18
   521 | D        | Noticed a torpor snail
   521 | D        | Noticed a death yak
   521 | D        | Noticed a cane toad
   524 | D        | Noticed a death yak
   526 | D        | Reached skill level 15 in Fighting
   529 | D        | Killed a cane toad
   533 | D        | Killed a death yak
   546 | D        | Killed a death yak
   546 | D        | Reached ***** piety under Okawaru
   547 | D        | Reached skill level 16 in Fighting
   555 | D        | Killed a torpor snail
   561 | D        | Reached skill level 17 in Fighting
   639 | D        | Noticed a death yak
   639 | D        | Noticed a catoblepas
   639 | D        | Noticed a death yak
   642 | D        | Killed a death yak
   642 | D        | Received a gift from Okawaru
   643 | D        | Reached skill level 1 in Evocations
   643 | D        | Noticed a death yak
   650 | D        | Killed a catoblepas
   651 | D        | Reached XP level 11. HP: 77/118 MP: 13/20
   764 | D        | Killed a death yak
   765 | D        | Reached skill level 18 in Fighting
   769 | D        | Killed a death yak
   820 | D        | Noticed Psyche
   826 | D        | Killed Psyche
   827 | D        | Reached skill level 10 in Armour
   904 | D        | Noticed an orc knight
   915 | D        | Killed an orc knight
   929 | D        | Reached skill level 10 in Dodging
  1050 | D        | Noticed an orc knight
  1058 | D        | Killed an orc knight
  1059 | D        | Reached skill level 1 in Throwing
  1059 | D        | Reached skill level 5 in Evocations
  1067 | D        | Noticed an orc high priest
  1072 | D        | Received a gift from Okawaru
  1076 | D        | Noticed an orc knight
  1090 | D        | Killed an orc high priest
  1103 | D        | Killed an orc knight
  1344 | D        | Found Fixid's General Store.
  1344 | D        | Noticed an orc sorcerer
  1344 | D        | Noticed an orc sorcerer
  1344 | D        | Noticed an orc high priest
  1344 | D        | Noticed an orc high priest
  1344 | D        | Noticed an orc knight
  1346 | D        | Noticed an orc knight
  1351 | D        | Noticed a sixfirhy
  1356 | D        | Killed an orc knight
  1357 | D        | Reached skill level 19 in Fighting
  1357 | D        | Killed an orc sorcerer
  1360 | D        | Killed an orc high priest
  1361 | D        | Reached skill level 10 in Shields
  1361 | D        | Noticed an orc high priest
  1365 | D        | Killed an orc high priest
  1365 | D        | Received a gift from Okawaru
  1367 | D        | Killed an orc sorcerer
  1368 | D        | Reached skill level 5 in Throwing
  1371 | D        | Noticed an orc sorcerer
  1371 | D        | Killed an orc knight
  1372 | D        | Reached XP level 12. HP: 80/130 MP: 16/21
  1388 | D        | Found Henuawer's Antique Weapon Shop.
  1389 | D        | Killed an orc high priest
  1393 | D        | Found Solij's Armour Boutique.
  1397 | D        | Found Sonalaid's Jewellery Shop.
  1408 | D        | Noticed an orc high priest
  1435 | D        | HP: 6/132 [sun demon[an orc high priest] (19)]
  1435 | D        | Slain by a sun demon

Illustrated notes

Levels and vault maps discovered:
D:        linesprint [early_d, line_temple, items_1, d_10, items_2, lair_1,
          lair_end, items_3, orc_1, orc_end, items_4, d_15, swamp_1, shoals_1,
          snake_1, spider_1, d_20, vaults_1, items_5, swamp_end, shoals_end,
          snake_end, spider_end, vaults_end, d_27, items_6, zot_1, zot_end,
          crypt_end, forest_end, elf_end, slime_end, tomb_end, abyss_end,
          pan_hell_end]

Skill      XL: |  1  2  3  4  5  6  7  8  9 10 11 12 |
---------------+-------------------------------------+-----
Fighting       | 5 6 8 9 10 13 14 17 19 | 19.7
Armour         | 5 6 8 12 | 12.6
Shields        | 5 6 10 11 | 11.1
Maces & Flails | 4 5 7 8 9 11 13 15 16 | 16.0
Dodging        | 3 5 6 8 11 12 | 12.0
Invocations    | 3 4 5 8 11 12 14 | 14.0
Evocations     | 2 5 |  5.0
Throwing       | 5 6 |  6.0

Action                     |  1- 3 |  4- 6 |  7- 9 | 10-12 || total
---------------------------+-------+-------+-------+-------++-------
  Melee: Flail             |    27 |     9 |       |       ||    36
         Headbutt          |     2 |     4 |     9 |    45 ||    60
         Morningstar       |       |    20 |    63 |   195 ||   278
  Throw: Javelin           |       |       |       |     8 ||     8
         Dart              |       |       |       |     1 ||     1
 Invoke: Heroism           |       |       |     2 |     2 ||     4
         Finesse           |       |       |     1 |     5 ||     6
  Evoke: Wand              |       |       |       |     6 ||     6
    Use: Potion            |     1 |     2 |     2 |     3 ||     8
         Scroll            |       |       |     2 |     2 ||     4
 Armour: Scale mail        |    12 |     3 |       |       ||    15
         Chain mail        |       |    14 |    26 |    33 ||    73
         Plate armour      |       |       |       |    36 ||    36
  Dodge: Dodged            |    12 |    10 |    15 |    27 ||    64
  Block: Buckler           |     4 |     4 |    10 |    15 ||    33

Table legend: (Time is in decaauts)
 A = Elapsed time spent in this place.
 B = Non-inter-level travel time spent in this place.
 C = Inter-level travel time spent in this place.
 D = Time resting spent in this place.
 E = Time spent auto-exploring this place.
 F = Levels seen in this place.
 G = Mean time per level.
                   A        B        C        D        E       F      G
               +--------+--------+--------+--------+--------+-----+--------+
         Total |   1308 |   1308 |      0 |    550 |      0 |   1 | 1308.0 |
       Dungeon |   1308 |   1308 |      0 |    550 |      0 |   1 | 1308.0 |
               +--------+--------+--------+--------+--------+-----+--------+

Top non-repeatable levels by time:
       D: 1308 daAuts
